 Dungeon Crawl Stone Soup version 0.27.1-34-g3ba077fa99 (webtiles) character file.

Game seed: 1384399483884437176

2521 Ijustatesigmund the Fighter (level 9, -5/60 HPs)
             Began as a Gargoyle Fighter on Feb 7, 2022.
             Was an Initiate of Cheibriados.
             Engulfed by a steam dragon's steam (16 damage)
             ... on level 8 of the Dungeon.
             The game lasted 00:15:19 (9529 turns).

Ijustatesigmund the Fighter (Gargoyle Fighter)      Turns: 9529, Time: 00:15:19

Health: -5/60      AC: 21    Str: 22    XL:     9   Next: 54%
Magic:  10/10      EV:  5    Int: 12    God:    Cheibriados [......]
Gold:   340        SH: 10    Dex: 10    Spells: 8/8 levels left

rFire    . . .     SeeInvis .   a - +0 flail (protect)
rCold    + . .     Faith    .   c - +1 kite shield
rNeg     + . .     Spirit   .   f - +0 plate armour
rPois    ∞         Reflect  .   (no helmet)
rElec    +         Harm     .   h - +1 cloak
rCorr    .         Rampage  .   (no gloves)
Will     .....                  v - +2 pair of boots
Stlth    ..........             (no amulet)
HPRegen  0.20/turn              e - +4 ring of protection
MPRegen  0.12/turn              n - ring of protection from cold

@: corroded, very slow
A: sickness immunity, AC +6, negative energy resistance 1, electricity
resistance, torment resistance 1, petrification resistance
a: Renounce Religion, Bend Time


You were on level 8 of the Dungeon.
You worshipped Cheibriados.
Cheibriados was noncommittal.
You visited 2 branches of the dungeon, and saw 9 of its levels.

You collected 340 gold pieces.

Inventory:

Hand Weapons
 a - a +0 flail of protection (weapon)
 l - a +1 vorpal morningstar
Missiles
 g - 18 poisoned darts (quivered)
Armour
 c - a +1 kite shield (worn)
 f - a +0 plate armour (worn)
 h - a +1 cloak (worn)
 v - a +2 pair of boots (worn)
Jewellery
 e - a +4 ring of protection (left hand)
 n - a ring of protection from cold (right hand)
 s - a ring of see invisible
Wands
 i - a wand of charming (10)
 p - a wand of iceblast (10)
 r - a wand of digging (2)
Scrolls
 b - 3 scrolls of magic mapping
 m - 2 scrolls of identify
 q - a scroll of holy word
 t - a scroll of enchant weapon
Potions
 d - a potion of might
 k - a potion of curing


   Skills:
 + Level 8.3 Fighting
 + Level 7.8 Maces & Flails
 - Level 7.5 Armour
 - Level 2.1 Dodging
 + Level 3.9 Shields
 + Level 1.7 Invocations


You had 8 spell levels left.
You didn't know any spells.
Your spell library contained the following spells:

 Spells                   Type           Power      Damage    Failure   Level
 Ozocubu's Armour         Ice            0%         N/A       100%        3
 Leda's Liquefaction      Hex/Erth       0%         N/A       100%        4
 Bolt of Magma            Conj/Fire/Erth 0%         4d4       100%        5
 Ozocubu's Refrigeration  Ice            0%         4d5       100%        7
 Chain Lightning          Conj/Air       0%         N/A       100%        9
 Fire Storm               Conj/Fire      0%         5d1       100%        9
 Statue Form              Tmut/Erth      Unusable   N/A       N/A         6

Dungeon Overview and Level Annotations

Branches:
Dungeon (8/15)             Temple (1/1) D:5            Lair (0/6) D:8

Altars:
Ashenzari
Cheibriados
Dithmenos
Elyvilon
Fedhas
Gozag
Hepliaklqana
Kikubaaqudgha
Makhleb
Nemelex Xobeh
Okawaru
Qazlal
Ru
Sif Muna
Trog
Uskayaw
Vehumet
Wu Jian
Xom
Yredelemnul
Zin
The Shining One

Shops:
D:5 (

Annotations:
D:4 2 transporters, kalagan's ghost, amateur DECj


Innate Abilities, Weirdness & Mutations

You are immune to sickness and miasma.
Your stone body is resilient. (AC +6)
You are immune to poison.
You resist negative energy. (rN+)
You are resistant to electric shocks. (rElec)
You are resistant to unholy torment.
You are immune to petrification.


Message History

A wight comes into view. It is wielding a +4 short sword.
The steam dragon breathes steam at you. The ball of steam hits you.
The wight moves out of view.
You completely miss the steam dragon.
The steam dragon is moderately wounded.
A wight comes into view. It is wielding a +0 halberd.
You block the steam dragon's attack. x2
The acid dragon is engulfed in a cloud of scalding steam.
The acid dragon spits acid at you. The splash of acid hits you!
The acid corrodes you!
You are splashed with acid!
A wight comes into view. It is wielding a +0 war axe.
Okay, then.
You feel better.
The steam dragon bites you but does no damage.
The steam dragon claws you but does no damage.
The wight is engulfed in a cloud of scalding steam.
The steam dragon bites you but does no damage.
The steam dragon claws you but does no damage.
The acid dragon spits acid at you.
The splash of acid hits you but does no damage.
The acid corrodes you!
You are splashed with acid!
* * * LOW HITPOINT WARNING * * *
The steam dragon breathes steam at you. The ball of steam hits you.
* * * LOW HITPOINT WARNING * * *
As you read the scroll labelled BABBEDEFEG, it crumbles to dust.
It is a scroll of amnesia.
You feel forgetful for a moment. The steam dragon barely misses you.
The steam dragon claws you.
* * * LOW HITPOINT WARNING * * *
You feel better.
The steam dragon bites you but does no damage.
You block the steam dragon's attack.
A wight comes into view. It is wielding a +0 halberd.
You block the steam dragon's attack. x2
The steam dragon breathes steam at you. The ball of steam hits you.
* * * LOW HITPOINT WARNING * * *
You are engulfed in a cloud of scalding steam.
You die...

.............#.#
...........#.#.#
...........#.#.####### ### .§§..
.#.##.##.............. ..# .§z..
##.##.##.......####### #.#......
.#.##.##.......# #.#......
.#.##.##.....<.#########.#......
.#.##.#........#...DzDzz........
...##.#...####.§@§§####.........
......##..##.÷.§.§...##....####
..........#).§§.§PPP.P#.........
#.............PP..PPPP#....#####
#.............PP....PP#....#
#...........PPPPP.>.PP#....#
#.........#PPPPPPP..PP#...##
############PPPPPPPPP####.#
########## .#


You could see a steam dragon (catching breath), an acid dragon and 3 wights.

Vanquished Creatures
  A komodo dragon (D:8)
  2 water moccasins
  An ice beast (D:5)
  2 ogres
  A necrophage (D:5)
  5 centaurs
  A bullfrog (D:5)
  5 scorpions
  6 hounds
  3 jellies
  2 bullfrog skeletons (D:5)
  2 centaur skeletons (D:4)
  2 orc priests
  An iguana (D:5)
  3 scorpion zombies (D:5)
  5 orc wizards
  Natasha (twice) (D:3)
  3 adders
  7 gnolls
  2 white imps
  2 ufetubi
  2 worms
  19 orcs
  7 endoplasms
  A giant cockroach (D:1)
  6 goblins
  10 hobgoblins
  3 jackals (D:2)
  4 kobolds
  2 quokkas
  10 ball pythons
  7 bats
  A frilled lizard (D:3)
  4 rats
134 creatures vanquished.

Vanquished Creatures (others)
  Ijyb (D:4)
  3 plants (D:8)
4 creatures vanquished.

Grand Total: 138 creatures vanquished

Notes
Turn   | Place    | Note
-------+----------+-------------------------------------------
     0 | D:1      | Ijustatesigmund the Gargoyle Fighter began the quest for
                  | the Orb.
     0 | D:1      | Reached XP level 1. HP: 14/14 MP: 1/1
   252 | D:1      | Reached XP level 2. HP: 19/19 MP: 2/2
   905 | D:2      | Reached XP level 3. HP: 24/24 MP: 3/3
   935 | D:2      | Found a faded altar of an unknown god.
  1540 | D:2      | Reached skill level 4 in Fighting
  1638 | D:3      | Reached XP level 4. HP: 29/29 MP: 4/4
  2387 | D:3      | Found an iron altar of Okawaru.
  2437 | D:3      | Reached XP level 5. HP: 34/34 MP: 5/5
  2547 | D:3      | Noticed Natasha
  2562 | D:3      | Killed Natasha
  2794 | D:3      | Noticed Natasha
  2808 | D:3      | Killed Natasha
  3097 | D:4      | Reached XP level 6. HP: 37/40 MP: 6/6
  3115 | D:4      | Reached skill level 5 in Fighting
  3326 | D:4      | Noticed Ijyb
  3612 | D:3      | Reached skill level 5 in Maces & Flails
  3667 | D:5      | Entered Level 5 of the Dungeon
  3667 | D:5      | Noticed a necrophage
  3701 | D:5      | Killed a necrophage
  3702 | D:5      | Reached XP level 7. HP: 21/44 MP: 7/7
  3976 | D:5      | Reached skill level 5 in Armour
  4008 | D:5      | Reached skill level 6 in Fighting
  4245 | D:5      | Reached XP level 8. HP: 46/52 MP: 8/8
  4280 | D:5      | Found a staircase to the Ecumenical Temple.
  4608 | D:5      | Found Sistryo's Antique Weapon Shop.
  5482 | D:4      | Noticed kalagan's ghost (amateur DECj)
  5482 | D:4      | Found a transporter.
  5497 | D:4      | Reached skill level 7 in Fighting
  5559 | D:4      | Killed Ijyb
  5640 | D:4      | Found a transporter.
  6411 | D:6      | Reached skill level 1 in Dodging
  6411 | D:6      | Reached XP level 9. HP: 32/58 MP: 9/9
  6625 | D:6      | Found a hazy altar of Hepliaklqana.
  6628 | D:6      | Found a shimmering altar of Xom.
  6633 | D:6      | Found an ornate altar of the Wu Jian Council.
  6858 | Temple   | Entered the Ecumenical Temple
  7181 | D:7      | Found a hide-covered altar of Uskayaw.
  7588 | D:7      | Reached skill level 8 in Fighting
  8786 | D:7      | Found a snail-covered altar of Cheibriados.
  8791 | D:7      | Became a worshipper of Cheibriados the Contemplative
  9294 | D:8      | Found a staircase to the Lair.
  9295 | D:8      | Noticed a komodo dragon
  9321 | D:8      | Killed a komodo dragon
  9322 | D:8      | Reached skill level 1 in Invocations
  9529 | D:8      | Engulfed by a steam dragon's steam

Illustrated notes

Levels and vault maps discovered:
D:1:      heliophobic_arrival_ceremonial_halls, layout_rooms
D:2:      layout_basic, basic_ecumenical_altar
D:3:      layout_rooms, mainiacjoe_overflow_boulevard, uniq_natasha
D:4:      layout_basic, gammafunk_ghost_mausoleum, uniq_ijyb
D:5:      layout_basic, minmay_temple_entry_glass, serial_shops,
          nicolae_stop_n_shop_1
D:6:      layout_cave_pools, grunt_temple_overflow_diamond,
          roderic_three_in_a_row, st_stairs_14
D:7:      nicolae_whirlpool, layout_gridville,
          nicolae_uskayaw_murder_on_the_dancefloor, kennysheep_little_box
D:8:      layout_basic, david_lair_shrubbed, hex_tiny, uniq_psyche, uniq_harold,
          uniq_maurice, uniq_grum
Temple:   nicolae_temple_elliptical

Skill      XL: |  1  2  3  4  5  6  7  8  9 |
---------------+----------------------------+-----
Maces & Flails | 3 4 5 6 7 |  7.8
Fighting       | 4 5 6 7 8 |  8.3
Armour         | 4 5 7 |  7.5
Dodging        | 1 2 |  2.1
Invocations    | 1 |  1.7
Shields        | |  3.9

Action                   |  1- 3 |  4- 6 |  7- 9 || total
-------------------------+-------+-------+-------++-------
Melee: Flail             |   133 |   227 |   393 ||   753
Throw: Dart              |       |       |     4 ||     4
Evoke: Wand              |       |       |     5 ||     5
  Use: Scroll            |     7 |     6 |     5 ||    18
       Potion            |       |     2 |     7 ||     9
Armor: Scale mail        |     4 |       |       ||     4
       Plate armour      |   141 |   251 |   416 ||   808
       Skin              |       |       |     8 ||     8
Dodge: Dodged            |    31 |    45 |    81 ||   157
Block: Kite shield       |    99 |   169 |   261 ||   529
